 Dungeon Crawl Stone Soup version 0.28-a0-661-g144af121cd (webtiles) character file.

Game seed: 12590647264123787840

62 MacCMillion the Stinger (level 4, -36/30 HPs)
             Began as a Merfolk Venom Mage on Oct 14, 2021.
             Was a Believer of Makhleb.
             Killed by an exploding hobgoblin (40 damage)
             ... ignited by their inner flame
             ... on level 1 of the Dungeon.
             The game lasted 00:10:45 (2348 turns).

MacCMillion the Stinger (Merfolk Venom Mage)        Turns: 2348, Time: 00:10:46

Health: -36/30     AC:  2    Str:  9    XL:     4   Next: 8%
Magic:  4/7        EV: 13    Int: 14    God:    Makhleb [**....]
Gold:   108        SH:  0    Dex: 20    Spells: 4/7 levels left

rFire   . . .      SeeInvis .   a - +2 dagger (venom)
rCold   . . .      Faith    .   (no shield)
rNeg    . . .      Spirit   .   d - +0 robe
rPois   .          Reflect  .   (no helmet)
rElec   .          Harm     .   (no cloak)
rCorr   .          Rampage  .   (no gloves)
Will    .....                   (no boots)
Stlth   +++.......              (no amulet)
HPRegen 0.10/turn               h - +6 ring of dexterity
MPRegen 0.10/turn               (no ring)

@: about to teleport
A: (nimble swimmer 2), mertail
a: Renounce Religion, Minor Destruction


You were on level 1 of the Dungeon.
You worshipped Makhleb.
Makhleb was pleased with you.
You visited 1 branch of the dungeon, and saw 2 of its levels.

You collected 108 gold pieces.

Inventory:

Hand Weapons
 a - a +2 dagger of venom (weapon)
 b - a +0 dagger
Armour
 d - a +0 robe (worn)
Jewellery
 h - a +6 ring of dexterity (left hand)
Scrolls
 c - a scroll of teleportation
 g - a scroll of identify
Potions
 f - a potion of cancellation {unknown}


   Skills:
 - Level 2.6 Dodging
 + Level 3.1 Stealth
 + Level 2.1 Spellcasting
 - Level 3.0 Transmutations
 * Level 4.0 Poison Magic
 + Level 0.5 Invocations


You had 4 spell levels left.
You knew the following spells:

 Your Spells              Type           Power      Damage    Failure   Level
a - Sting                 Tmut/Pois      44%        1d5       5%          1
b - Poisonous Vapours     Pois/Air       14%        N/A       16%         2

Your spell library contained the following spells:

 Spells                   Type           Power      Damage    Failure   Level
 Mephitic Cloud           Conj/Pois/Air  5%         N/A       38%         3
 Olgreb's Toxic Radiance  Pois           12%        N/A       41%         4


Dungeon Overview and Level Annotations

Branches:
Dungeon (2/15)

Altars:
Makhleb

Annotations:
D:2 Robin


Innate Abilities, Weirdness & Mutations

((You are quick and stealthy near water. (Stealth+, EV+, Speed+++)))
Your lower body shifts to a powerful aquatic tail in water.


Message History

You feel better. The goblin barely misses you. The hobgoblin misses you.
The goblin barely misses you. The hobgoblin closely misses you.
You climb upwards.
There is a stone staircase leading down here.
As you read the scroll labelled QODEMO BE JYD, it crumbles to dust.
The creatures around you are filled with an inner flame!
It was a scroll of immolation.
The hobgoblin hits you. The goblin barely misses you.
The goblin hits you with a +0 dagger. The hobgoblin misses you.
As you read the scroll labelled KAGISU WUCUI, it crumbles to dust.
It is a scroll of identify.
c - 2 scrolls of teleportation The goblin closely misses you.
The hobgoblin barely misses you. The goblin hits you with a +0 dagger.
The hobgoblin hits you.
As you read the scroll of teleportation, it crumbles to dust.
You feel strangely unstable.
The hobgoblin hits you but does no damage.
The goblin hits you with a +0 club. The goblin hits you with a +0 dagger.
The hobgoblin hits you.
* * * LOW HITPOINT WARNING * * *
You closely miss the hobgoblin. The hobgoblin closely misses you.
The goblin misses you. The goblin hits you with a +0 dagger.
* * * LOW HITPOINT WARNING * * *
The hobgoblin misses you.
You hit the hobgoblin.
Flame seeps out of the hobgoblin.
The hobgoblin is poisoned.
The hobgoblin is moderately wounded.
Flame seeps out of the hobgoblin.
The goblin misses you.
The hobgoblin hits you but does no damage.
The goblin hits you with a +0 dagger.
* * * LOW HITPOINT WARNING * * *
The hobgoblin is engulfed in blazing flames.
Makhleb accepts your kill.
You can now harness Makhleb's destructive might.
The hobgoblin explodes!
The fiery explosion engulfs the hobgoblin!!
Makhleb accepts your kill. The fiery explosion engulfs you!!!
Ouch! That really hurt!
You die...

######.###........##'####.....
#.# ####'#'###........... #.#
#.#.# #........... #.# ###.#.#
#........... #.# #...#.#
##+##.......
#.######.#.####.##.#.....
#....# #.#......##)#.....
#....###○#.####....#.....
#......§@#.# #.#########
#......gg#.# #.#########
#........#.####..........
#.......................#
###.......###############
#.......#..............
#.......#.............♣
#.......#...###....⌠...
#.....#.#..............


You could see 2 goblins.

Vanquished Creatures
  An adder (D:2)
  A dart slug (D:2)
  4 ball pythons
  6 bats
  3 endoplasms (D:1)
  2 giant cockroaches
  2 goblins
  7 hobgoblins
  5 jackals
  4 kobolds (D:1)
  3 quokkas (D:1)
  7 frilled lizards
  4 rats
49 creatures vanquished.

Notes
Turn   | Place    | Note
-------+----------+-------------------------------------------
     0 | D:1      | MacCMillion the Merfolk Venom Mage began the quest for the
                  | Orb.
     0 | D:1      | Reached XP level 1. HP: 13/13 MP: 3/3
   177 | D:1      | Reached XP level 2. HP: 17/19 MP: 3/5
   203 | D:1      | Learned a level 2 spell: Poisonous Vapours
   909 | D:1      | Reached XP level 3. HP: 10/24 MP: 0/6
  1262 | D:1      | Found a faded altar of an unknown god.
  1272 | D:1      | Prayed at the altar of an unknown god.
  1272 | D:1      | Became a worshipper of Makhleb the Destroyer
  1272 | D:1      | Reached * piety under Makhleb
  2246 | D:2      | Reached XP level 4. HP: 30/30 MP: 4/7
  2316 | D:2      | Reached skill level 4 in Poison Magic
  2337 | D:2      | Noticed Robin
  2348 | D:1      | Reached ** piety under Makhleb
  2348 | D:1      | Killed by an exploding hobgoblin... ignited by their inner
                  | flame

Illustrated notes

Levels and vault maps discovered:
D:1:      erik_arrival_cave_to_civilisation [erik_arrival_cave_to_temple],
          layout_basic, hellmonk_ecumenical_altar_lost_god,
          minmay_misc_feat_five, chequers_serial_rivers_micro_e
D:2:      layout_basic, uniq_sigmund, uniq_robin

Skill      XL: |  1  2  3  4 |
---------------+-------------+-----
Transmutations | 2 3 |  3.0
Stealth        | 3 |  3.1
Poison Magic   | 4 |  4.0
Dodging        | |  2.6
Spellcasting   | |  2.1
Invocations    | |  0.5

Action                   |  1- 3 |  4- 6 || total
-------------------------+-------+-------++-------
Melee: Dagger            |    27 |     5 ||    32
 Cast: Sting             |    49 |     3 ||    52
       Poisonous Vapours |     7 |     2 ||     9
  Use: Scroll            |       |     3 ||     3
 Stab: Sleeping          |     2 |       ||     2
Armor: Robe              |     9 |     3 ||    12
Dodge: Dodged            |    50 |    14 ||    64

Table legend: (Time is in decaauts)
 A = Elapsed time spent in this place.
 B = Non-inter-level travel time spent in this place.
 C = Inter-level travel time spent in this place.
 D = Time resting spent in this place.
 E = Time spent auto-exploring this place.
 F = Levels seen in this place.
 G = Mean time per level.
                   A        B        C        D        E       F      G
               +--------+--------+--------+--------+--------+-----+--------+
         Total |   2346 |   2325 |     21 |    623 |   1212 |   2 | 1173.0 |
       Dungeon |   2346 |   2325 |     21 |    623 |   1212 |   2 | 1173.0 |
               +--------+--------+--------+--------+--------+-----+--------+

Top non-repeatable levels by time:
     D:1: 1754 daAuts
     D:2: 591 daAuts
